Map: 拜舍尔遗迹 - 天梯版(虚空)

Players

BreaKIngGG

  • Race: Zerg Zerg
  • League: Grandmaster
  • Spawn Location: 5:00

Super - Winner!

  • Race: Protoss Protoss
  • Spawn Location: 11:00

VOD

Have the link to the VOD?

Description

Time

  • Played on: Feb. 4, 2017, 5:25 a.m.
  • Length: 8:25
Show
View Real Time Build Order
Export as new Build Order

BreaKIngGG Zerg 

Build Orders: Pool First 

Get SALT Encoding   

  12  0:00  Drone  
  13  0:12  Overlord  
  13  0:17  Drone  
  14  0:30  Drone x2  
  16  0:36  Drone  
  17  0:44  Drone, Extractor  
  17  0:51  Spawning Pool  
  17  0:55  Drone  
  17  1:06  Drone  
  18  1:19  Drone  
  19  1:28  Hatchery  
  18  1:35  Drone  
  18  1:37  Queen  
  22  1:40  Zergling x2  
  22  1:46  Metabolic Boost  
  22  1:52  Overlord  
  22  2:11  Drone x2  
  22  2:13  Queen  
  26  2:23  Drone  
  27  2:32  Drone  
  28  2:42  Drone  
  29  2:46  Drone  
  29  2:47  Drone x3  
  29  2:49  Pneumatized Carapace  
  33  2:55  Hatchery  
  33  2:58  Overlord  
  32  3:01  Drone  
  33  3:07  Drone x2  
  35  3:13  Drone  
  36  3:21  Drone x2  
  36  3:22  Drone x3  
  36  3:23  Drone x2  
  43  3:31  Drone  
  44  3:37  Roach Warren  
  44  3:39  Overlord  
  43  3:48  Drone  
  43  3:54  Overlord  
  44  3:57  Lair, Queen  
  44  3:58  Drone x5  
  44  3:59  Extractor  
  44  4:01  Drone  
  51  4:07  Overlord  
  51  4:13  Queen  
  53  4:18  Roach x2  
  53  4:20  Spore Crawler  
  53  4:21  Spore Crawler  
  53  4:22  Drone, Roach  
  53  4:23  Roach  
  60  4:25  Spore Crawler  
  60  4:31  Roach  
  61  4:34  Drone x4  
  61  4:37  Drone  
  66  4:41  Roach x2  
  66  4:42  Overlord  
  70  4:49  Overlord  
  70  4:51  Drone  
  70  4:52  Drone  
  72  4:56  Glial Reconstitution  
  72  4:58  Drone  
  73  5:02  Drone  
  73  5:03  Extractor  
  73  5:06  Extractor  
  72  5:08  Overlord  
  72  5:09  Overseer  
  72  5:11  Drone x7  
  79  5:21  Overlord  
  79  5:22  Drone x5  
  84  5:28  Queen  
  84  5:34  Extractor  
  84  5:35  Overlord  
  85  5:37  Roach x2  
  89  5:47  Overlord  
  89  5:52  Overlord  
  89  5:54  Hatchery, Drone x2  
  89  5:55  Spire  
  89  5:57  Overlord  
  89  5:58  Drone x3  
  89  6:01  Extractor  
  91  6:06  Drone x3  
  91  6:09  Zergling x2  
  91  6:10  Zergling x4  
  97  6:20  Zergling x2  
  97  6:21  Zergling x4  
  100  6:26  Zergling x12  
  100  6:29  Ravager x4  
  100  6:32  Zergling x6  
  113  6:42  Baneling Nest  
  113  6:44  Zergling x4  
  113  6:45  Zergling x6  
  116  6:47  Roach  
  116  6:51  Roach x2  
  116  6:52  Evolution Chamber  
  121  6:56  Ravager x3  
  121  6:57  Roach  
  121  7:00  Overlord x2  
  126  7:01  Zergling x4  
  126  7:04  Zergling x2  
  129  7:09  Overlord  
  129  7:12  Zergling x12  
  129  7:13  Overlord  
  135  7:20  Zergling x2  
  136  7:24  Queen  
  135  7:30  Baneling x9  
  135  7:31  Zergling x14  
  135  7:37  Zergling x6  
  107  7:47  Zergling x2  
  91  7:55  Zergling x16, Drone  
  76  8:00  Drone  
  76  8:01  Zergling x8  
  73  8:08  Zergling x4, Drone  
Show
View Real Time Build Order
Export as new Build Order

Super Protoss - Winner!

Build Orders: 1 Gate Expand, Zealot Archon, Dark Templar Rush 

Get SALT Encoding   

  12  0:00  Probe (Chrono Boost)  
  13  0:11  Probe (Chrono Boost)  
  14  0:17  Pylon  
  14  0:21  Probe (Chrono Boost)  
  15  0:35  Probe (Chrono Boost)  
  16  0:37  Gateway  
  16  0:45  Probe (Chrono Boost)  
  16  0:47  Assimilator  
  17  0:56  Probe (Chrono Boost)  
  18  1:06  Probe (Chrono Boost)  
  19  1:20  Nexus  
  19  1:23  Probe (Chrono Boost)  
  20  1:32  Cybernetics Core  
  20  1:36  Probe (Chrono Boost)  
  21  1:41  Assimilator  
  21  1:46  Probe (Chrono Boost)  
  22  1:49  Pylon  
  22  1:57  Probe (Chrono Boost)  
  23  2:06  Adept  
  24  2:09  Probe (Chrono Boost), Warp Gate  
  26  2:24  Mothership Core (Chrono Boost)  
  28  2:32  Probe (Chrono Boost)  
  29  2:42  Probe (Chrono Boost)  
  29  2:43  Probe (Chrono Boost)  
  31  2:46  Twilight Council  
  31  2:52  Probe (Chrono Boost)  
  31  2:53  Probe (Chrono Boost)  
  33  3:00  Robotics Facility  
  33  3:03  Probe (Chrono Boost)  
  33  3:04  Probe (Chrono Boost)  
  35  3:09  Pylon  
  35  3:13  Probe (Chrono Boost)  
  35  3:14  Probe (Chrono Boost)  
  37  3:20  Gateway  
  37  3:24  Probe (Chrono Boost)  
  37  3:25  Probe (Chrono Boost)  
  39  3:29  Dark Shrine  
  39  3:35  Gateway, Probe x2 (Chrono Boost)  
  39  3:40  Gateway  
  41  3:45  Observer  
  41  3:46  Probe x2 (Chrono Boost)  
  44  3:49  Assimilator  
  44  3:52  Assimilator  
  44  3:56  Probe (Chrono Boost)  
  44  3:58  Probe (Chrono Boost)  
  44  4:01  Warp Prism  
  44  4:02  Pylon  
  46  4:07  Probe (Chrono Boost)  
  50  4:10  Probe (Chrono Boost)  
  50  4:20  Probe (Chrono Boost)  
  50  4:22  Probe (Chrono Boost)  
  52  4:32  Immortal  
  52  4:33  Nexus  
  52  4:35  Pylon  
  56  4:56  Dark Templar  
  56  4:57  Dark Templar x3  
  64  5:00  Pylon  
  64  5:02  Archon x2  
  64  5:03  Resonating Glaives  
  64  5:06  Immortal  
  64  5:10  Probe x2 (Chrono Boost)  
  64  5:12  Pylon  
  70  5:31  Gateway  
  70  5:35  Gateway x2  
  72  5:36  Probe x2 (Chrono Boost)  
  72  5:40  Immortal  
  76  5:51  Probe (Chrono Boost), Pylon  
  76  5:52  Probe (Chrono Boost)  
  76  5:53  Probe (Chrono Boost)  
  76  5:56  Sentry x3  
  85  6:04  Sentry  
  87  6:06  Probe (Chrono Boost), Pylon  
  87  6:07  Probe x2 (Chrono Boost)  
  90  6:16  Immortal  
  90  6:21  Pylon  
  90  6:24  Adept x3  
  100  6:30  Adept  
  100  6:31  Adept x3  
  108  6:37  Pylon  
  108  6:47  Adept x3  
  108  6:49  Pylon  
  108  6:53  Adept  
  108  6:54  Adept x3  
  122  7:08  Adept x3  
  128  7:18  Adept x4  
  136  7:30  Adept x2  
  122  7:52  Adept x4  
  122  7:54  Adept x2  
  122  7:57  Adept  
  98  8:13  Adept  
  98  8:14  Adept x3  
  98  8:15  Adept x2  
  106  8:24  Forge  
Tags
 
Add a new tag
Caveats
  • Supply blocks, unpowered buildings, or Contaminate may cause inaccurate times.
  • Supply counts are checked every 10 seconds.